Map: Jagannatha LE

Players

MeomaikA

  • Race: Zerg Zerg

Probe - Winner!

  • Race: Protoss Protoss

Event: DreamHack SC2 Masters 2021 Fall

VOD

Have the link to the VOD?

Description

Time

  • Played on: July 28, 2021, 4:23 a.m.
  • Length: 13:26

All games in this series

Show
View Real Time Build Order
Export as new Build Order

MeomaikA Zerg 

Build Orders: Pool First 

Get SALT Encoding   

  12  0:00  Drone  
  13  0:08  Drone  
  14  0:16  Overlord  
  14  0:26  Extractor, Drone  
  15  0:34  Drone x2  
  17  0:44  Spawning Pool  
  17  0:48  Drone  
  17  1:03  Drone  
  18  1:05  Drone  
  18  1:06  Extractor  
  18  1:19  Hatchery  
  17  1:31  Zergling x4  
  19  1:33  Queen  
  19  1:37  Drone  
  22  1:47  Overlord  
  22  2:06  Drone  
  22  2:08  Metabolic Boost  
  23  2:09  Queen, Drone  
  26  2:21  Drone  
  27  2:30  Drone  
  27  2:34  Drone  
  28  2:41  Drone  
  28  2:42  Drone  
  30  2:49  Hatchery, Drone  
  29  2:54  Drone x2  
  29  2:58  Drone  
  32  3:00  Drone  
  33  3:07  Overlord  
  33  3:13  Lair  
  33  3:16  Extractor, Drone  
  33  3:19  Drone  
  34  3:21  Drone  
  34  3:22  Drone  
  34  3:26  Drone x2  
  38  3:28  Drone  
  38  3:32  Drone  
  38  3:33  Drone  
  41  3:36  Overlord  
  41  3:43  Spore Crawler  
  41  3:45  Spore Crawler, Drone  
  41  3:48  Drone  
  41  3:49  Drone  
  41  3:52  Drone  
  41  3:55  Zergling x4  
  45  3:57  Zergling x2  
  45  3:59  Zergling x2  
  47  4:06  Drone  
  47  4:07  Queen  
  49  4:13  Zergling x6  
  49  4:15  Hydralisk Den  
  51  4:17  Drone x2  
  51  4:20  Drone  
  51  4:21  Drone  
  51  4:23  Drone  
  56  4:26  Drone x2  
  56  4:31  Overlord  
  58  4:39  Overlord  
  58  4:42  Overlord  
  58  4:43  Overlord  
  58  4:44  Extractor  
  58  4:45  Drone  
  58  4:46  Muscular Augments  
  58  4:49  Overlord  
  58  4:50  Drone x2  
  59  4:58  Hydralisk x2  
  59  4:59  Drone x2  
  65  5:00  Drone  
  65  5:04  Drone x2  
  68  5:09  Hydralisk x2  
  68  5:11  Hydralisk  
  74  5:16  Hydralisk  
  74  5:17  Hydralisk  
  74  5:19  Hydralisk  
  78  5:22  Hydralisk  
  78  5:27  Hydralisk  
  79  5:28  Extractor  
  79  5:29  Evolution Chamber  
  79  5:30  Drone x2  
  79  5:31  Drone  
  79  5:33  Zergling x2  
  79  5:34  Zergling x2  
  82  5:38  Queen  
  82  5:41  Drone x2  
  82  5:42  Drone  
  87  5:44  Queen  
  87  5:48  Queen  
  92  5:51  Overseer  
  92  6:01  Hydralisk x3  
  92  6:02  Grooved Spines  
  98  6:11  Overlord x2  
  98  6:16  Overlord  
  97  6:21  Spire  
  97  6:23  Drone  
  97  6:24  Extractor, Overlord  
  97  6:25  Drone  
  97  6:31  Drone x5  
  102  6:34  Drone x3  
  102  6:36  Drone  
  107  6:40  Drone x3, Hatchery  
  107  6:44  Drone x3  
  111  6:50  Drone x3  
  111  6:51  Drone x3  
  111  6:53  Drone  
  118  6:55  Overlord  
  118  6:58  Overlord  
  118  7:04  Drone x4  
  118  7:05  Extractor  
  118  7:07  Extractor  
  120  7:13  Overlord  
  120  7:15  Drone x5  
  122  7:16  Drone  
  122  7:22  Overlord  
  125  7:32  Hatchery  
  125  7:33  Zerg Flyer Weapons Level 1  
  124  7:45  Overlord  
  124  7:52  Drone x3, Overlord  
  124  7:53  Drone x3  
  130  8:01  Mutalisk x6  
  130  8:02  Mutalisk x5  
  130  8:04  Mutalisk  
  130  8:05  Queen, Mutalisk  
  156  8:10  Extractor  
  156  8:11  Mutalisk  
  154  8:20  Mutalisk  
  154  8:22  Drone x6  
  154  8:23  Extractor  
  154  8:24  Overlord  
  155  8:27  Mutalisk x2  
  155  8:31  Mutalisk, Overlord  
  161  8:35  Hatchery  
  161  8:40  Overlord  
  161  8:41  Overlord  
  160  8:43  Overlord  
  159  8:54  Corruptor  
  159  8:55  Corruptor x3  
  165  9:01  Overlord  
  163  9:03  Corruptor x2  
  167  9:10  Mutalisk x2  
  167  9:13  Mutalisk  
  167  9:15  Spore Crawler  
  172  9:17  Spine Crawler  
  172  9:21  Extractor, Corruptor  
  172  9:22  Corruptor  
  172  9:23  Extractor  
  171  9:31  Evolution Chamber  
  171  9:34  Mutalisk x3  
  171  9:38  Corruptor  
  144  9:43  Mutalisk  
  144  9:45  Zergling x34  
  163  9:46  Mutalisk  
  163  9:50  Mutalisk  
  159  9:55  Mutalisk  
  159  9:56  Zergling x2  
  159  9:57  Zergling x10  
  159  9:59  Mutalisk  
  161  10:00  Zergling x2  
  161  10:01  Zergling x4  
  161  10:03  Zergling x4  
  161  10:06  Queen x2  
  168  10:07  Queen x2  
  168  10:09  Hydralisk x2  
  176  10:17  Zerg Flyer Weapons Level 2  
  176  10:19  Corruptor x2  
  176  10:20  Zergling x2  
  176  10:21  Zergling x10  
  186  10:25  Drone x2  
  188  10:35  Hydralisk x4  
  194  10:36  Zerg Missile Weapons Level 1, Overlord  
  194  10:37  Corruptor  
  194  10:38  Corruptor  
  200  11:00  Overlord  
  200  11:01  Mutalisk  
  196  11:14  Mutalisk x5  
  199  11:18  Mutalisk  
  194  11:26  Mutalisk x4  
  194  11:32  Mutalisk  
  195  11:33  Mutalisk  
  195  11:34  Mutalisk x3  
  195  11:39  Mutalisk  
  187  11:41  Zergling x36  
  197  11:49  Mutalisk  
  199  12:05  Hatchery  
  198  12:12  Spore Crawler  
  198  12:13  Spore Crawler  
  198  12:15  Spore Crawler  
  195  12:18  Mutalisk x2  
  195  12:19  Mutalisk  
  193  12:46  Mutalisk x2  
  193  12:48  Mutalisk x4  
  193  12:49  Mutalisk x8  
  193  12:50  Zergling x24  
  194  12:52  Mutalisk  
  194  12:56  Mutalisk  
  169  12:58  Mutalisk  
  169  13:02  Mutalisk  
  169  13:03  Zergling x26  
Show
View Real Time Build Order
Export as new Build Order

Probe Protoss - Winner!

Build Orders: 1 Gate Expand, Oracle Opening 

Get SALT Encoding   

  12  0:00  Probe  
  13  0:12  Probe  
  14  0:20  Pylon  
  14  0:24  Probe  
  15  0:38  Probe (Chrono Boost)  
  16  0:44  Gateway  
  16  0:47  Probe (Chrono Boost)  
  17  0:51  Assimilator  
  17  0:53  Probe (Chrono Boost)  
  18  1:05  Probe  
  19  1:17  Probe  
  20  1:26  Nexus  
  20  1:37  Cybernetics Core  
  20  1:39  Probe  
  21  1:46  Assimilator  
  21  1:51  Probe  
  22  1:54  Pylon  
  22  2:03  Probe  
  23  2:10  Adept (Chrono Boost)  
  23  2:11  Probe  
  25  2:20  Probe  
  26  2:26  Stargate  
  27  2:35  Pylon  
  27  2:38  Probe  
  27  2:40  Probe  
  29  2:50  Probe (Chrono Boost)  
  29  2:55  Warp Gate  
  30  2:58  Probe (Chrono Boost)  
  30  3:01  Probe (Chrono Boost)  
  32  3:05  Probe x2 (Chrono Boost)  
  32  3:07  Oracle (Chrono Boost)  
  36  3:16  Probe x2  
  38  3:20  Pylon  
  38  3:28  Probe  
  38  3:29  Probe  
  38  3:30  Gateway  
  40  3:36  Void Ray  
  40  3:41  Probe (Chrono Boost)  
  42  3:42  Probe (Chrono Boost)  
  46  3:53  Probe (Chrono Boost)  
  48  3:56  Pylon  
  48  3:57  Probe (Chrono Boost)  
  48  3:59  Probe (Chrono Boost)  
  49  4:04  Probe  
  49  4:07  Probe  
  51  4:17  Probe  
  52  4:19  Nexus, Void Ray, Probe  
  52  4:20  Pylon  
  53  4:29  Probe  
  53  4:31  Assimilator  
  57  4:34  Assimilator  
  57  4:36  Probe  
  57  4:40  Stargate  
  57  4:41  Probe  
  58  4:46  Adept  
  58  4:47  Adept  
  58  4:48  Probe  
  63  4:53  Probe  
  64  5:00  Probe  
  64  5:03  Robotics Facility  
  64  5:05  Probe  
  64  5:06  Forge, Void Ray (Chrono Boost)  
  67  5:16  Pylon  
  67  5:18  Shield Battery  
  70  5:21  Pylon  
  70  5:24  Probe x2  
  70  5:27  Void Ray (Chrono Boost)  
  70  5:29  Pylon  
  74  5:36  Probe  
  74  5:38  Void Ray (Chrono Boost)  
  74  5:42  Photon Cannon  
  75  5:44  Shield Battery  
  79  5:52  Probe x2  
  79  5:56  Photon Cannon  
  81  6:01  Shield Battery  
  81  6:02  Protoss Air Weapons Level 1 (Chrono Boost)  
  81  6:03  Void Ray, Probe  
  83  6:04  Probe x2  
  85  6:15  Shield Battery, Probe  
  85  6:17  Photon Cannon  
  86  6:20  Shield Battery  
  86  6:23  Photon Cannon  
  86  6:26  Sentry x2  
  86  6:28  Probe x2 (Chrono Boost)  
  86  6:29  Probe (Chrono Boost)  
  93  6:38  Robotics Bay  
  93  6:39  Probe x2 (Chrono Boost)  
  95  6:41  Probe (Chrono Boost)  
  95  6:42  Photon Cannon  
  95  6:43  Void Ray, Probe (Chrono Boost)  
  95  6:44  Shield Battery, Probe (Chrono Boost)  
  98  6:49  Probe  
  103  6:55  Assimilator x2  
  103  7:01  Observer (Chrono Boost)  
  103  7:03  Photon Cannon  
  103  7:04  Shield Battery  
  103  7:06  Pylon, Photon Cannon  
  104  7:09  Pylon  
  104  7:14  Void Ray, Probe  
  103  7:20  Disruptor  
  103  7:21  Zealot  
  109  7:24  Pylon x2  
  109  7:25  Pylon  
  109  7:28  Shield Battery  
  109  7:30  Shield Battery  
  112  7:37  Probe x2  
  112  7:38  Void Ray  
  112  7:43  Pylon  
  114  7:46  Stargate  
  114  7:49  Adept  
  114  7:50  Adept  
  122  7:55  Disruptor  
  125  8:08  Fleet Beacon  
  122  8:29  Gateway  
  122  8:30  Gateway  
  122  8:31  Disruptor  
  122  8:32  Photon Cannon, Gateway x2  
  122  8:33  Photon Cannon  
  129  8:35  Gateway  
  129  8:37  Phoenix x3 (Chrono Boost)  
  131  8:42  Photon Cannon  
  127  8:49  Shield Battery  
  127  8:51  Anion Pulse-Crystals (Chrono Boost)  
  127  8:58  Phoenix x2  
  127  9:01  Nexus, Phoenix  
  127  9:02  Pylon  
  133  9:07  Pylon  
  133  9:08  Zealot  
  135  9:23  Phoenix x2  
  139  9:26  Zealot x2  
  139  9:27  Zealot  
  139  9:28  Shield Battery  
  139  9:30  Void Ray (Chrono Boost)  
  144  9:34  Protoss Air Weapons Level 2 (Chrono Boost)  
  130  9:48  Phoenix x2 (Chrono Boost)  
  130  9:51  Probe  
  130  9:52  Probe x2  
  131  10:05  Zealot  
  131  10:06  Zealot x6  
  145  10:11  Phoenix x2 (Chrono Boost)  
  149  10:18  Twilight Council  
  149  10:19  Flux Vanes  
  149  10:23  Phoenix (Chrono Boost)  
  149  10:27  Photon Cannon  
  151  10:29  Photon Cannon  
  151  10:39  Assimilator  
  151  10:40  Assimilator  
  151  10:41  Phoenix x2  
  155  10:46  Probe x2  
  155  10:47  Shield Battery  
  155  10:48  Shield Battery  
  155  10:49  Photon Cannon  
  157  10:50  Shield Battery, Void Ray  
  161  11:00  Void Ray  
  161  11:02  Charge (Chrono Boost)  
  161  11:10  Templar Archives  
  161  11:16  Phoenix  
  159  11:20  Zealot x7  
  167  11:33  Phoenix  
  156  11:41  Zealot x7, Phoenix  
  172  11:53  Phoenix  
  174  11:59  Gateway  
  174  12:01  Gateway  
  174  12:02  High Templar  
  174  12:03  High Templar  
  174  12:05  Nexus  
  178  12:09  Zealot  
  178  12:10  Zealot x2  
  178  12:13  High Templar x2, Archon  
  188  12:22  Pylon  
  188  12:25  Pylon  
  187  12:41  Void Ray  
  187  12:48  Nexus  
  187  12:57  Zealot x5  
  187  12:58  Zealot x2  

Tags
 
Add a new tag
Caveats
  • Supply blocks, unpowered buildings, or Contaminate may cause inaccurate times.
  • Supply counts are checked every 10 seconds.